 Dungeon Crawl Stone Soup version 0.22.0-38-g04b72b8 (webtiles) character file.

2 Monsterracer the Sneak (level 1, 0/18 HPs)
             Began as a Hill Orc Assassin on Aug 29, 2018.
             Killed from afar by a dart slug (6 damage)
             ... with a slug dart
             ... on level 1 of the Dungeon.
             The game lasted 00:00:32 (59 turns).

Monsterracer the Sneak (Hill Orc Assassin)            Turns: 59, Time: 00:00:32

Health: 0/18       AC:  3    Str: 13    XL:     1   Next: 40%
Magic:  1/1        EV: 11    Int: 11    God:
Gold:   0          SH:  0    Dex: 12    Spells: 0/0 levels left

rFire    . . .     SeeInvis .   h - +2 dagger
rCold    . . .     Gourm    .   (no shield)
rNeg     . . .     Faith    .   g - +0 robe
rPois    .         Spirit   .   (no helmet)
rElec    .         Reflect  .   d - +0 cloak
rCorr    .         Harm     .   (no gloves)
MR       .....                  (no boots)
Stlth    ++........             (no amulet)
HPRegen  0.06/turn              (no ring)
MPRegen  0.07/turn              (no ring)

@: no status effects
A: no striking features
a: no special abilities


You were on level 1 of the Dungeon.
You were not hungry.

You visited 1 branch of the dungeon, and saw 1 of its levels.

Inventory:

Hand Weapons
 a - a +0 hand axe
 b - a +0 blowgun
 h - a +2 dagger (weapon)
Missiles
 e - 8 poisoned needles
 f - 2 curare-tipped needles
Armour
 d - a +0 cloak (worn)
 g - a +0 robe (worn)
Comestibles
 c - a ration


   Skills:
 - Level 2.4 Fighting
 - Level 2.0 Short Blades
 + Level 1.1 Axes
 - Level 1.7 Throwing
 - Level 0.7 Dodging
 - Level 3.2 Stealth


You couldn't memorise any spells.
You didn't know any spells.
Your spell library was empty.

Dungeon Overview and Level Annotations

Branches:
Dungeon (1/15)

Altars:


Message History

Adjust to which letter? (? for menu, Esc to quit)
a - a hand axe;
h - a +2 dagger (weapon)
Adjust (i)tems, (s)pells, or (a)bilities?
Adjust which item? (? for menu, Esc to quit)
Okay, then.
No target in view!
No target in view!
No target in view!
No target in view!
No target in view!
A dart slug comes into view.
A dart slug is nearby!
A bat comes into view.
A bat comes into view.
The bat barely misses you.
You hit the bat.
The bat is heavily wounded.
The bat misses you. The bat hits you but does no damage.
You miss the bat. The bat closely misses you. x2
You hit the bat.
You kill the bat!
The bat hits you but does no damage.
You hit the bat.
The bat is severely wounded.
The bat misses you.
You hit the bat but do no damage.
The bat is severely wounded.
The bat hits you but does no damage. The dart slug launches a dart at you.
The slug dart misses you. The bat hits you but does no damage.
The bat hits you but does no damage. The bat hits you but does no damage.
The bat closely misses you.
You hit the bat but do no damage.
The bat is severely wounded.
The bat hits you but does no damage. The bat misses you.
The dart slug launches a dart at you. The slug dart hits you!
You take 3 damage, and have 15/18 hp.
You completely miss the bat.
The bat is heavily wounded.
The bat barely misses you. The bat misses you.
You hit the bat.
The bat is heavily wounded.
The bat barely misses you. The bat closely misses you.
The dart slug launches a dart at you. The slug dart hits you!
You take 4 damage, and have 11/18 hp.
MASSIVE DAMAGE!!
You are too injured to fight recklessly!
You are too injured to fight recklessly!
You are too injured to fight recklessly!
You are too injured to fight recklessly!
You miss the bat.
The bat is heavily wounded.
The bat hits you but does no damage. The bat barely misses you.
The dart slug launches a dart at you. The slug dart hits you!
* * * LOW HITPOINT WARNING * * *
You take 2 damage, and have 9/18 hp.
You hit the bat but do no damage.
The bat is heavily wounded.
The bat closely misses you. The bat barely misses you.
You are too injured to fight recklessly!
The bat barely misses you. The bat hits you but does no damage.
You miss the bat.
The bat is moderately wounded.
The bat misses you. The bat completely misses you.
The bat hits you but does no damage.
You barely miss the bat.
The bat is moderately wounded.
The bat hits you.
* * * LOW HITPOINT WARNING * * *
You hit the bat.
The bat is severely wounded.
The bat hits you but does no damage.
You closely miss the bat.
The bat is severely wounded.
The bat hits you.
* * * LOW HITPOINT WARNING * * *
You take 1 damage, and have 8/18 hp.
The bat barely misses you. The bat hits you but does no damage. x2
You hit the bat.
You kill the bat!
Your Axes skill increases to level 1!
The dart slug closely misses you.
You hit the dart slug.
The dart slug is heavily wounded.
The dart slug bites you.
* * * LOW HITPOINT WARNING * * *
You take 2 damage, and have 6/18 hp.
You hit the dart slug.
The dart slug is severely wounded.
You hit the dart slug.
The dart slug is severely wounded.
The dart slug launches a dart at you. The slug dart hits you!
You die...

## ..# #### ... ..#
####### #.# #.#
#.....# #.#
#.###.....##### #.#
#..............
###.####.###.....####
## #........# #†@...#
.#####.###### ###w###
..###..# #.# ...###.#
#.# ....##.# ##.##
.....#.####### #...#
..................†..#
......##########...#.#
.....## #...#.#


You could see a dart slug.

Vanquished Creatures
  2 bats (D:1)
2 creatures vanquished.

Notes
Turn   | Place    | Note
-------+----------+-------------------------------------------
     0 | D:1      | Monsterracer the Hill Orc Assassin began the quest for the Orb.
     0 | D:1      | Reached XP level 1. HP: 18/18 MP: 1/1
    43 | D:1      | HP: 9/18 [dart slug/slug dart (2)]
    50 | D:1      | HP: 9/18 [bat (1)]
    55 | D:1      | Reached skill level 1 in Axes
    57 | D:1      | HP: 6/18 [dart slug (2)]
    59 | D:1      | Killed from afar by a dart slug

Skill      XL: |  1 |
---------------+----+-----
Axes           | 1 |  1.1
Fighting       | |  2.4
Short Blades   | |  2.0
Throwing       | |  1.7
Dodging        | |  0.7
Stealth        | |  3.2

Action                   || total
-------------------------++-------
Melee: Dagger            ||    18
Armor: Robe              ||    13
Dodge: Dodged            ||    20

Vault maps used:
D:1:      enne_arrival_octagon_isle, minmay_misc_feat_columns
